 Dungeon Crawl Stone Soup version 0.26-a0-190-g75a3d40d47 (webtiles) character file.

Game seed: 3955605410514845902

1577581 bmfx the Rhythm of Life and Death (level 27, 269/269 HPs)
             Began as a Centaur Arcane Marksman on July 3, 2020.
             Was a Follower of Uskayaw.
             Escaped with the Orb
             ... and 3 runes on July 4, 2020!
             The game lasted 03:49:23 (89672 turns).

bmfx the Rhythm of Life and Death (CeAM)           Turns: 89672, Time: 03:49:23

Health: 269/269    AC: 45    Str: 32    XL:     27
Magic:  40/40      EV: 11    Int: 12    God:    Uskayaw [*.....]
Gold:   5631       SH:  0    Dex: 20    Spells: 24/28 levels left

rFire    + + .     SeeInvis +   w - +9 longbow (flame)
rCold    + + .     Faith    .   (shield currently unavailable)
rNeg     + . .     Spirit   .   B - +0 gold dragon scales
rPois    +         Reflect  .   b - +2 helmet {SInv}
rElec    .         Harm     .   K - +3 cloak "Tasar" {rF+ rN+}
rCorr    .         Rnd*Rage +   N - +2 pair of gloves {Dex+3}
MR       +++..                  h - +4 centaur barding {rC+}
Stlth    ..........             M - amulet of Moral Flaws {Acrobat Str+4 Slay+2}
HPRegen  0.54/turn              v - ring "Geysylump" {AC+4 Str+4 Dex+7 Slay+3}
MPRegen  0.27/turn              i - +4 ring of slaying

@: very quick
A: large, hooves 3, iridescent scales 1, berserk 1, clumsy 1, deformed body,
deterioration 1, speed 2, magic resistance 1, sense surroundings 1, tough skin
3, sturdy frame 1
0: Orb of Zot
}: 3/15 runes: decaying, serpentine, silver
a: Stomp, Renounce Religion


You escaped.
You worshipped Uskayaw.
Uskayaw was exalted by your worship.
You were very full.

You visited 11 branches of the dungeon, and saw 53 of its levels.
You also visited: Gauntlet and Desolation.

You collected 8655 gold pieces.
You spent 3024 gold pieces at shops.


Innate Abilities, Weirdness & Mutations

You have hooves in place of feet.
Armour fits poorly on your strangely shaped body.
You cover ground very quickly.
You have extremely tough skin. (AC +3)
You are partially covered in iridescent scales. (AC +2)
You tend to lose your temper in combat.
You are clumsy. (Dex -2)
Your body sometimes deteriorates upon taking damage.
You are resistant to hostile enchantments. (MR+)
You passively map a small area around you.
Your movements are slightly less encumbered by armour. (ER -2)

Dungeon Overview and Level Annotations

Branches:
Dungeon (15/15)            Temple (1/1) D:5            Lair (6/6) D:10
  Swamp (4/4) Lair:3        Snake (4/4) Lair:3        Slime (0/5) Lair:5
    Orc (2/2) D:9             Elf (3/3) Orc:2        Vaults (5/5) D:14
  Crypt (3/3) Vaults:2       Tomb (0/3) Crypt:3      Depths (5/5) D:15
    Zot (5/5) Depths:5    Desolation (visited)      Gauntlet (visited)

Altars:
Ashenzari
Cheibriados
Dithmenos
Elyvilon
Fedhas
Gozag
Hepliaklqana
Kikubaaqudgha
Makhleb
Nemelex Xobeh
Okawaru
Qazlal
Ru
Sif Muna
Trog
Uskayaw
Vehumet
Wu Jian
Xom
Yredelemnul
Zin
The Shining One
Beogh
Lugonu

Shops:
D:13 :   Orc:1 !   Orc:2 =[[?   Elf:1 ?=*=   Elf:2 [   Snake:2 (:   Snake:4 =
Vaults:2 [   Depths:1 %

Portals:
Hell: Depths:1 Depths:2 Depths:3 Depths:4 Depths:5
Abyss: Depths:1 Depths:4
Pandemonium: Depths:2 Depths:3
Trove: Vaults:4 (give 7 scrolls of blinking)

Annotations:
Snake:2 1 runed translucent door, Tudokhlaotz's ghost, adept NaWz
Elf:2 5 runed doors
Crypt:1 Sojobo
Depths:1 exclusions: ancient lich and 3 more exclusions
Zot:2 1 runed translucent door, Etzokumu's ghost, adept DDFi


   Skills:
 + Level 26.1 Fighting
   Level 8.0(8.9) Short Blades
 - Level 6.0(8.0) Long Blades
 O Level 27 Bows
 - Level 15.0 Armour
 - Level 12.0 Dodging
 - Level 1.0 Spellcasting
 - Level 2.6 Hexes
 O Level 27 Invocations
 - Level 10.0 Evocations


You had 24 spell levels left.
You knew the following spells:

 Your Spells              Type           Power        Failure   Level  Hunger
A - Corona                Hex            #......      65%         1    ##.....
B - Portal Projectile     Hex/Tloc       #.....       99%         3    ####...

Your spell library contained the following spells:

 Spells                   Type           Power        Failure   Level  Hunger
 Slow                     Hex            #.......     78%         2    ###....
 Ensorcelled Hibernation  Hex/Ice        #.....       92%         2    ###....
 Animate Skeleton         Necr           N/A          95%         1    ##.....
 Apportation              Tloc           #.....       95%         1    ##.....
 Beastly Appendage        Tmut           #.....       95%         1    ##.....
 Foxfire                  Conj/Fire      #...         95%         1    ##.....
 Infusion                 Chrm           #...         95%         1    ##.....
 Pain                     Necr           #...         95%         1    ##.....
 Sandblast                Erth           #.....       95%         1    ##.....
 Shock                    Conj/Air       #...         95%         1    ##.....
 Sting                    Tmut/Pois      #...         95%         1    ##.....
 Summon Butterflies       Summ           #.......     95%         1    ##.....
 Summon Small Mammal      Summ           #...         95%         1    ##.....
 Confusing Touch          Hex            #.......     95%         3    ####...
 Tukima's Dance           Hex            #.......     95%         3    ####...
 Call Imp                 Summ           #.......     98%         2    ###....
 Corpse Rot               Necr/Air       N/A          98%         2    ###....
 Passwall                 Tmut/Erth      #.......     98%         2    ###....
 Shroud of Golubria       Chrm/Tloc      #.....       98%         2    ###....
 Song of Slaying          Chrm           #.......     98%         2    ###....
 Sticks to Snakes         Tmut           #.......     98%         2    ###....
 Sublimation of Blood     Necr           #.........   98%         2    ###....
 Swiftness                Chrm/Air       #.......     98%         2    ###....
 Dazzling Flash           Conj/Hex       #.....       99%         3    ####...
 Inner Flame              Hex/Fire       #.......     99%         3    ####...
 Spectral Weapon          Hex/Chrm       #.......     99%         3    ####...
 Summon Guardian Golem    Hex/Summ       #.......     99%         3    ####...
 Call Canine Familiar     Summ           #.......     100%        3    ####...
 Gell's Gravitas          Tloc           #.........   100%        3    ####...
 Ignite Poison            Fire/Tmut/Pois #.......     100%        3    ####...
 Recall                   Summ/Tloc      N/A          100%        3    ####...
 Spider Form              Tmut/Pois      #.........   100%        3    ####...
 Static Discharge         Conj/Air       #.......     100%        3    ####...
 Vampiric Draining        Necr           #.........   100%        3    ####...
 Airstrike                Air            #.........   100%        4    #####..
 Animate Dead             Necr           N/A          100%        4    #####..
 Cause Fear               Hex            #.........   100%        4    #####..
 Dispel Undead            Necr           #.......     100%        4    #####..
 Ice Form                 Ice/Tmut       #.......     100%        4    #####..
 Leda's Liquefaction      Hex/Erth       #.........   100%        4    #####..
 Petrify                  Tmut/Erth      #.......     100%        4    #####..
 Sticky Flame             Conj/Fire      #.......     100%        4    #####..
 Summon Ice Beast         Ice/Summ       #.......     100%        4    #####..
 Summon Lightning Spire   Summ/Air       #.......     100%        4    #####..
 Agony                    Necr           #.......     100%        5    ######.
 Alistair's Intoxication  Tmut/Pois      #.......     100%        5    ######.
 Aura of Abjuration       Summ           #.........   100%        5    ######.
 Blade Hands              Tmut           #.........   100%        5    ######.
 Borgnjor's Vile Clutch   Necr/Erth      #.........   100%        5    ######.
 Excruciating Wounds      Chrm/Necr      #.........   100%        5    ######.
 Fireball                 Conj/Fire      #.........   100%        5    ######.
 Lightning Bolt           Conj/Air       #.........   100%        5    ######.
 Metabolic Englaciation   Hex/Ice        #.........   100%        5    ######.
 Summon Demon             Summ           #.........   100%        5    ######.
 Summon Forest            Summ/Tloc      #.........   100%        5    ######.
 Summon Mana Viper        Hex/Summ       #.......     100%        5    ######.
 Yara's Violent Unravell  Hex/Tmut       #.........   100%        5    ######.
 Death Channel            Necr           #.........   100%        6    #######
 Iron Shot                Conj/Erth      #.........   100%        6    #######
 Shadow Creatures         Summ           N/A          100%        6    #######
 Simulacrum               Ice/Necr       #.........   100%        6    #######
 Starburst                Conj/Fire      #.........   100%        6    #######
 Dragon Form              Tmut           #.........   100%        7    #######
 Malign Gateway           Summ/Tloc      #.........   100%        7    #######
 Monstrous Menagerie      Summ           #.........   100%        7    #######
 Ring of Flames           Chrm/Fire      #.........   100%        7    #######
 Spellforged Servitor     Conj/Summ      #.........   100%        7    #######
 Summon Greater Demon     Summ           #.........   100%        7    #######
 Death's Door             Chrm/Necr      #.........   100%        8    #######
 Ignition                 Fire           #.........   100%        8    #######
 Summon Horrible Things   Summ           #.........   100%        8    #######
 Dragon's Call            Summ           #.........   100%        9    #######

Action                   |  1- 3 |  4- 6 |  7- 9 | 10-12 | 13-15 | 16-18 | 19-21 | 22-24 | 25-27 || total
-------------------------+-------+-------+-------+-------+-------+-------+-------+-------+-------++-------
Melee: Dagger            |       |    72 |   376 |   399 |       |       |       |       |       ||   847
       Kick              |       |    17 |    86 |   108 |    12 |     6 |       |     6 |       ||   235
       Spear             |       |     2 |       |       |       |       |       |       |       ||     2
       Scimitar          |       |       |     7 |    24 |    33 |    25 |       |     8 |       ||    97
 Fire: Shortbow          |   164 |   165 |   102 |       |       |       |       |       |       ||   431
       Longbow           |       |       |       |   333 |  1398 |  1743 |  1322 |  1249 |  1649 ||  7694
Throw: Javelin           |       |       |     1 |     1 |       |       |       |       |       ||     2
 Cast: Corona            |       |     1 |       |       |       |       |       |       |       ||     1
Invok: Grand Finale      |       |       |       |       |       |     3 |     1 |     3 |     5 ||    12
Evoke: Wand              |       |       |    20 |    11 |    12 |    12 |     1 |    11 |     1 ||    68
       Box of beasts     |       |       |       |       |       |       |       |     3 |       ||     3
       Phantom mirror    |       |       |       |       |       |       |       |     1 |       ||     1
       Lightning rod     |       |       |       |       |       |       |       |       |     4 ||     4
  Use: Scroll            |       |    12 |     6 |    16 |    11 |    16 |    16 |    11 |    17 ||   105
       Potion            |       |       |     1 |     4 |     5 |     4 |     2 |     1 |     4 ||    21
 Stab: Invisible         |       |       |     5 |       |       |       |       |       |       ||     5
       Paralysed         |       |       |     3 |    16 |     7 |       |       |     5 |       ||    31
       Betrayed ally     |       |       |     1 |       |       |       |       |       |       ||     1
  Eat: Chunk             |     1 |     5 |     9 |    12 |    24 |    14 |     9 |    18 |    10 ||   102
       Ration            |       |     2 |     3 |     4 |     3 |     7 |     6 |     4 |    10 ||    39
Armor: Robe              |    20 |       |   127 |   135 |   207 |    56 |       |       |       ||   545
       Ring mail         |    15 |    62 |    31 |       |       |       |       |       |       ||   108
       Leather armour    |       |       |       |     9 |       |       |       |       |       ||     9
       Swamp dragon scal |       |       |       |       |       |   258 |     3 |       |       ||   261
       Scale mail        |       |       |       |       |       |       |    39 |       |       ||    39
       Plate armour      |       |       |       |       |       |       |    47 |   159 |   153 ||   359
       Gold dragon scale |       |       |       |       |       |       |       |       |    14 ||    14
Dodge: Dodged            |    36 |    42 |   169 |   152 |   120 |   170 |   101 |   135 |   160 ||  1085
       Rpst.: Scimitar   |       |       |     2 |     6 |     1 |     2 |       |     2 |       ||    13

Skill      XL: |  1  2  3  4  5  6  7  8  9 10 11 12 13 14 15 16 17 18 19 20 21 22 23 24 25 26 27 |
---------------+----------------------------------------------------------------------------------+-----
Bows           | 3 4 5 7 8 12 14 16 18 21 22 24 25 26 27 | 27.0
Fighting       | 2 3 4 8 10 12 15 17 20 21 26 | 26.1
Evocations     | 2 4 6 10 | 10.0
Invocations    | 4 5 8 12 13 18 20 21 25 27 | 27.0
Short Blades   | 8 |  8.0
Armour         | 3 7 9 11 12 13 15 | 15.0
Long Blades    | 1 6 |  6.0
Dodging        | 7 9 12 | 12.0
Spellcasting   | |  1.0
Hexes          | |  2.6

Inventory:

Hand Weapons
 a - the +10 scimitar of Horiopuf {holy, rElec MR++ Int-4 Stlth+}
   (You bought it in a shop on level 2 of the Snake Pit)

   It has been blessed by the Shining One to cause great damage to the undead
   and demons.
   It affects your intelligence (-4).
   It insulates you from electricity.
   It affects your resistance to hostile enchantments.
   It makes you more stealthy.
 w - a +9 longbow of flaming (weapon)
Missiles
 f - 759 arrows (quivered)
 R - 7 throwing nets {!f}
Armour
 b - a +2 helmet of see invisible (worn)
 h - a +4 centaur barding of cold resistance (worn)
 B - +0 gold dragon scales (worn)
 K - the +3 cloak "Tasar" (worn) {rF+ rN+}
   (You found it on level 1 of the Depths)

   It protects you from fire.
   It protects you from negative energy.
 N - a +2 pair of gloves of dexterity (worn)
 S - the +6 plate armour of Uskayaw's Indignation {Slay+3}
   (You found it in the Desolation of Salt)

   It affects your accuracy and damage with ranged weapons and melee attacks
   (+3).
 V - a +2 cloak of preservation
Jewellery
 i - a +4 ring of slaying (right hand)
 r - the amulet "Lumaocaim" {Acrobat rC+ rN+ Dex+4 SInv}
   (You took it off a deep elf high priest on level 3 of the Elven Halls)

   [amulet of the acrobat]

   It helps you evade while moving and waiting.
   It affects your dexterity (+4).
   It protects you from cold.
   It protects you from negative energy.
   It lets you see invisible.
 u - the ring "Tisaduwn" {rPois rN+ SInv}
   (You bought it in a shop on level 4 of the Snake Pit)

   [ring of positive energy]

   It protects you from poison.
   It protects you from negative energy.
   It lets you see invisible.
 v - the ring "Geysylump" (left hand) {AC+4 Str+4 Dex+7 Slay+3}
   (You took it off a deep elf annihilator on level 3 of the Elven Halls)

   [ring of protection]

   It affects your AC (+4).
   It affects your strength (+4).
   It affects your dexterity (+7).
   It affects your accuracy and damage with ranged weapons and melee attacks
   (+3).
 y - an uncursed ring of protection from cold
 A - the ring of Zeozean {rPois rF+ Int-5 Stlth+}
   (You found it on level 3 of the Elven Halls)

   [ring of stealth]

   It affects your intelligence (-5).
   It protects you from fire.
   It protects you from poison.
   It makes you more stealthy.
 F - an uncursed ring of resist corrosion
 M - the amulet of Moral Flaws (around neck) {Acrobat Str+4 Slay+2}
   (You acquired it on level 2 of the Snake Pit)

   [amulet of the acrobat]

   It helps you evade while moving and waiting.
   It affects your strength (+4).
   It affects your accuracy and damage with ranged weapons and melee attacks
   (+2).
Wands
 D - a wand of iceblast (34)
 E - a wand of enslavement (36)
 J - a wand of disintegration (48)
 L - a wand of digging (9)
 O - a wand of paralysis (17)
 Q - a wand of acid (18)
Scrolls
 e - 23 scrolls of remove curse {@r4}
 g - 25 scrolls of identify {@r3}
 k - 6 scrolls of fear
 n - 5 scrolls of summoning
 o - 15 scrolls of teleportation {@r1}
 q - 7 scrolls of silence
 x - 5 scrolls of immolation
 z - 5 scrolls of blinking {@r2}
 G - 5 scrolls of vulnerability
 T - a scroll of holy word
 W - 7 scrolls of fog
Potions
 c - 4 potions of ambrosia
 j - 7 potions of heal wounds {@q1}
 l - 16 potions of curing {@q2}
 m - 9 potions of flight
 p - 4 potions of mutation
 t - 6 potions of invisibility
 C - 14 potions of might
 H - 2 potions of haste
 P - 2 potions of cancellation
 Z - 3 potions of resistance
Miscellaneous
 s - a tin of tremorstones (3/3)
 I - a phial of floods
 U - a lightning rod (4/4)
 X - 3 boxes of beasts
 Y - 2 phantom mirrors
Comestibles
 d - 76 rations

#..#########.###########
##.# #.....#.......#
.#.# #.###.#.#####.#
...# #.#.#.#.#.....#
...###.#...#.#.#####
#....#.#####.#.#...#
##.#.#.......#.#.#.#
...#.#######.#.#.#.#
#..#.........#.#@#.#
#..#.#######.#.#.#.#
#..#.#.......#.#.#.#
#..#.#####.#.#.#.#.#
#....#...#.#.#...#.#
...).#.#.#.#.#####.#
####.#.#.#.#.#.....#
#.#.###.#.#.#####
#.#.....#.......#


There were no monsters in sight!

Vanquished Creatures
  3 ancient liches
  Khufu (Crypt:1)
  2 orbs of fire
  Mennas (Vaults:5)
  Mara (Depths:2)
  2 juggernauts (Depths:4)
  8 Killer Klowns
  2 curse toes
  Bai Suzhen (Depths:1)
  Saint Roka (Orc:2)
  Vashnia (Snake:4)
  10 golden dragons
  A caustic shrike (Depths:1)
  Nikola (Snake:1)
  2 bone dragons
  An electric golem (Zot:5)
  Jorgrun (D:9)
  12 tentacled monstrosities
  4 liches
  A pandemonium lord (D:15)
  An Ice Fiend (Zot:1)
  2 deep elf blademasters
  22 Orb Guardians (Zot:5)
  A deep elf master archer (Elf:3)
  5 titans (Vaults:5)
  11 quicksilver dragons
  The ghost of incide the Soothsayer, an adept GnWn of Ashenzari (Swamp:4)
  10 death cobs
  Kirke (Elf:1)
  Agnes (Snake:1)
  A sphinx (shapeshifter) (Vaults:5)
  6 sphinxes
  Donald (Vaults:4)
  3 shadow dragons
  4 thorn hunters
  7 draconian monks
  12 nagarajas
  6 tengu reavers
  12 storm dragons
  A revenant (Crypt:2)
  10 draconian knights
  8 deep elf sorcerers
  An iron dragon (shapeshifter) (Depths:1)
  A draconian scorcher (Zot:2)
  11 frost giants
  A fire giant (shapeshifter) (Depths:4)
  2 imperial myrmidons (Desolation)
  3 ghost moths
  10 fire giants
  A balrug (Depths:4)
  A curse skull (Crypt:2)
  2 iron dragons
  14 vault wardens
  8 ghouls
  4 draconian stormcallers
  7 deep elf elementalists
  9 draconian annihilators
  4 spriggan defenders
  5 draconian shifters
  30 stone giants
  A reaper (Depths:3)
  24 very ugly things
  10 war gargoyles
  8 green draconians
  18 ironheart preservers
  9 vampire knights
  Nessos (D:13)
  5 deep elf demonologists
  4 halazid warlocks (Desolation)
  10 black draconians
  Azrael (D:12)
  27 purple draconians
  10 white draconians
  8 yellow draconians
  A lorocyproca (D:9)
  10 spark wasps
  13 red draconians
  12 deep elf death magi
  2 eidola (Crypt:1)
  15 ettins
  8 deep elf annihilators
  Snorg (D:11)
  2 quicksilver dragon zombies (Crypt:3)
  3 crystal guardians (Crypt:3)
  Fannar (D:12)
  Harold (D:9)
  10 great orbs of eyes
  3 deep elf high priests
  7 fire dragons
  2 green deaths
  9 ragged hierophants (Desolation)
  Josephine (D:12)
  7 peacekeepers (Desolation)
  A quicksilver dragon skeleton (Crypt:2)
  6 servants of whispers (Desolation)
  33 hydras
  18 yaktaur captains
  9 ice dragons
  3 spriggan air magi
  A catoblepas (D:15)
  Erica (Orc:1)
  2 rakshasas
  41 two-headed ogres
  23 naga warriors
  40 vault guards
  3 shambling mangroves
  4 ghost crabs
  6 anacondas
  12 alligators
  18 centaur warriors
  3 death yaks (D:9)
  13 ogre magi
  28 dancing weapons
  8 death knights
  12 deep troll shamans
  7 tengu warriors
  7 shock serpents
  A titan zombie (Crypt:3)
  3 orc high priests (Orc:2)
  12 deep troll earth magi
  4 spriggan berserkers
  3 vampire magi
  A soul eater (Crypt:1)
  14 naga sharpshooters
  Urug (D:9)
  9 hell knights
  2 sun demons (Depths:4)
  24 deep elf knights
  6 salamander mystics
  2 shadow wraiths (Vaults:5)
  2 fire crabs (shapeshifter) (Depths:1)
  6 iron trolls
  3 storm dragon zombies
  41 deep trolls
  19 skeletal warriors
  6 spriggans
  4 titan skeletons
  A glowing orange brain (shapeshifter) (Depths:4)
  A golden dragon zombie (Crypt:3)
  An infernal demonspawn (Depths:3)
  A spriggan druid (Swamp:3)
  3 unseen horrors (D:15)
  An anaconda skeleton (Crypt:2)
  7 glowing orange brains
  3 wizards
  An obsidian statue (Zot:5)
  6 flayed ghosts
  20 ironbrand convokers
  8 harpies
  2 gelid demonspawn (Depths:3)
  10 swamp dragons
  6 naga ritualists (Snake:4)
  9 deep elf archers
  6 cyclopes
  11 phantasmal warriors
  9 necromancers
  A frost giant zombie (Crypt:3)
  46 ugly things
  A mana viper (shapeshifter) (Elf:1)
  11 orc knights
  The ghost of egg the Slasher, a novice DsFi of Makhleb (D:6)
  A fire giant zombie (Vaults:4)
  6 mana vipers
  2 oklob plants (Lair:5)
  An orb spider (shapeshifter) (Vaults:3)
  55 deep elf magi
  3 manticores (D:14)
  6 orc sorcerers
  A fire giant skeleton (Crypt:1)
  22 moths of wrath
  15 salamanders
  3 wolf spiders
  30 naga magi
  14 guardian serpents
  19 elephants
  14 human skeletons
  A rust devil (Depths:3)
  A dire elephant zombie (Crypt:2)
  2 molten gargoyles (Desolation)
  28 black mambas
  15 vault sentinels
  A smoke demon (Depths:2)
  2 frost giant skeletons (Crypt:3)
  26 cane toads
  3 gargoyles
  A dire elephant skeleton (Crypt:3)
  A yaktaur (shapeshifter) (Depths:1)
  A rime drake (Lair:6)
  52 yaktaurs
  18 freezing wraiths
  A redback zombie (D:14)
  3 kobold demonologists
  2 efreet
  A death yak skeleton (Crypt:2)
  5 tengu conjurers
  2 ice devils (Depths:2)
  9 komodo dragons
  2 harpy zombies
  A grey draconian skeleton (Crypt:1)
  6 trolls
  A queen bee (D:15)
  A wind drake (shapeshifter) (Vaults:5)
  A guardian mummy (Crypt:1)
  Prince Ribbit (D:6)
  Grinder (D:6)
  2 steam dragons
  79 slime creatures
  8 tyrant leeches
  12 bog bodies
  8 hornets
  36 blink frogs
  6 meliai
  A stone giant simulacrum (Vaults:4)
  A hippogriff (shapeshifter) (Vaults:2)
  A polar bear (Lair:3)
  10 dream sheep
  49 saltlings (Desolation)
  15 hippogriffs
  A dream sheep (shapeshifter) (Elf:3)
  A meliai zombie (D:13)
  22 flying skulls (Crypt:3)
  An ice dragon skeleton (Crypt:2)
  An air elemental (Elf:1)
  An ice dragon zombie (Crypt:2)
  A redback (shapeshifter) (Vaults:2)
  A tarantella (shapeshifter) (Vaults:3)
  Sigmund (D:4)
  5 vampires
  10 water elementals
  5 wyverns
  48 yaks
  2 hogs (Elf:1)
  A yak (shapeshifter) (Vaults:5)
  12 wraiths
  3 basilisks
  2 chaos spawn
  2 fire elementals
  Grum (D:8)
  2 neqoxecs
  A small abomination (D:15)
  14 vampire mosquitoes
  A hungry ghost (D:8)
  18 swamp worms
  19 wargs
  3 insubstantial wisps (Swamp:1)
  2 soldier ants (shapeshifter)
  2 acid dragons
  62 nagas
  4 human zombies
  A water nymph zombie (Crypt:2)
  3 hell hounds
  12 water moccasins
  A floating eye (Depths:4)
  11 porcupines
  5 ice beasts
  A merfolk skeleton (Crypt:2)
  13 swamp drakes
  29 orc warriors
  A dream sheep zombie (Crypt:2)
  3 sky beasts
  2 cane toad skeletons
  A black bear (D:13)
  8 necrophages
  12 boggarts
  A tengu (shapeshifter) (Depths:1)
  2 phantoms
  An elf zombie (Vaults:3)
  An eye of draining (D:15)
  48 ogres
  A wolf (D:8)
  A wolf (shapeshifter) (Depths:4)
  A lindwurm skeleton (Crypt:1)
  A snapping turtle skeleton (Crypt:2)
  10 crocodiles
  19 centaurs
  5 big kobolds
  28 bullfrogs
  2 wyvern zombies
  Blork the orc (D:6)
  2 earth elementals
  2 scorpions
  31 killer bees
  A warg skeleton (Crypt:1)
  4 wights (D:7)
  2 howler monkeys (D:12)
  A centaur zombie (D:6)
  2 electric eels (Lair:6)
  2 bullfrog zombies
  A human simulacrum (Vaults:3)
  Crazy Yiuf (D:4)
  6 hounds
  A quasit (D:12)
  20 orc priests
  A bullfrog skeleton (D:6)
  2 jellies
  5 centaur skeletons
  An iron imp (Depths:3)
  5 iguanas
  30 orc wizards
  14 worker ants
  A killer bee zombie (D:9)
  A hound skeleton (D:9)
  9 mummies (Crypt:1)
  3 worker ant zombies
  The ghost of Flugslaktarn the Chiller, a weakling VSIE of Uskayaw (D:3)
  7 gnolls
  12 adders
  A swamp drake skeleton (Crypt:1)
  4 white imps
  3 ufetubi
  An ooze (D:1)
  2 worms
  An adder skeleton (D:4)
  A halfling skeleton (Crypt:1)
  2 dart slugs
  2 leopard geckos
  125 orcs
  A ball python (D:2)
  12 giant cockroaches
  4 goblins
  7 hobgoblins
  4 jackals (D:7)
  17 kobolds
  3 quokkas
  7 bats
  4 frilled lizards
  A frilled lizard zombie (Crypt:2)
  A hobgoblin zombie (Crypt:1)
  A quokka skeleton (D:2)
  7 rats
  A rat zombie (Crypt:1)
  A fungus (Lair:6)
2632 creatures vanquished.

Vanquished Creatures (collateral kills)
  the Enchantress (Depths:1)
  Rupert (Lair:6)
  A centaur warrior (D:11)
  An orc warrior (D:9)
  2 ogres (D:9)
  2 centaurs (D:11)
  4 orcs (D:9)
12 creatures vanquished.

Vanquished Creatures (others)
  A deep elf elementalist (Elf:3)
  A draconian scorcher (Zot:1)
  A hippogriff (D:8)
  A water elemental (Elf:1)
  A centaur zombie (D:12)
  An orc (D:8)
  A quokka (D:8)
  2 bushes (Lair:5)
  16 fungi
  3 pillars of salt (Vaults:2)
  37 plants
65 creatures vanquished.

Grand Total: 2709 creatures vanquished

Levels and vault maps discovered:
D:1:      matt_arrival_spirals, layout_basic, minmay_worlds_worst_comb
D:2:      layout_loops_ring, first_ration
D:3:      layout_basic, lemuel_round_altar, serial_curves, eino_curves_02,
          eino_curves_01, ebering_ghost_reflecting_pool
D:4:      layout_basic, uniq_sigmund, uniq_crazy_yiuf_cottage
D:5:      layout_loops_corners, minmay_temple_entry_gardened_gates,
          minmay_manual_macuahuitl
D:6:      layout_basic, grunt_gozag_statues, ebering_ghost_disaster_area,
          chequers_garden, uniq_blork_the_orc, uniq_prince_ribbit1, uniq_grinder
D:7:      layout_cave_pods
D:8:      layout_loops_ring, ashenzari_altar_1, gammafunk_temple_overflow_arena,
          uniq_grum
D:9:      lemuel_castle_with_subvaults [lemuel_castle_interior_carwin_1],
          layout_stronghold, grunt_temple_overflow_open, david_orc_3,
          blue_anna_alchemist [blue_anna_fruit_fields, blue_anna_fruit_fields]
D:10:     layout_loops_cross, dpeg_lair_monsters
D:11:     layout_big_octagon, uniq_snorg
D:12:     layout_stronghold, hangedman_decor_push, uniq_fannar, uniq_azrael,
          uniq_josephine
D:13:     layout_irregular_city, serial_shops, shop, uniq_nessos
D:14:     layout_small_grid, erik_vaults_2, serial_park_square2
D:15:     grunt_enter_depths_snipers, layout_cave_pools, special_room
          [special_room_bee], serial_co_window_serial, co_window_paths_a,
          co_window_paths_a, co_window_paths_a, co_window_paths_b,
          co_window_cross_1, co_window_of_opportunity_a, co_window_paths_b,
          co_window_broadway_a, co_window_2corner, co_window_corner_cb,
          co_window_2corner, co_window_broadway_a, co_window_paths_d
Temple:   minmay_temple_curvy_branch
Lair:1:   layout_misc_corridors, nicolae_volcano_entry_lava_flow,
          lemuel_fruit_tree
Lair:2:   layout_chaotic_city, chequers_serial_rivers_small_3,
          nicolae_lair_grove_arrangements
Lair:3:   layout_cellular_growth, swamp_mist, minmay_snake_entry_guardpost_small
Lair:4:   layout_regular_city, gauntlet_entry_generic
Lair:5:   layout_small_grid, minmay_slime_entry_oklob_open
Lair:6:   minmay_lair_end_frog_pond, layout_cave_pods, uniq_rupert
Swamp:1:  layout_basic_swamp, hangedman_swamp_blocks, swamp_pool1,
          nicolae_swamp_trees_clearing
Swamp:2:  layout_basic_swamp, hangedman_swamp_pad
Swamp:3:  layout_falls_marsh, nicolae_swamp_round_clearing
Swamp:4:  swamp_basic_johnstein, layout_basic_swamp,
          ebering_ghost_reflecting_pool
Snake:1:  layout_basic, grunt_ministairs_10, uniq_agnes, uniq_nikola
Snake:2:  nicolae_cobra_stairs, layout_cave_town, ebering_ghost_xom,
          hangedman_corner_corridor, minmay_shoptagon
Snake:3:  layout_basic
Snake:4:  johnstein_snake_rune_scales, layout_misc_corridors, minmay_shop_star,
          uniq_vashnia
Orc:1:    layout_caves, serial_shops, shop, nicolae_orc_rockfall, uniq_jorgrun,
          uniq_erica, uniq_harold, uniq_urug
Orc:2:    grunt_orc_tribal_feast, layout_diamond_mine, mines2_david,
          uniq_saint_roka
Elf:1:    minmay_elf_arrival_circle, layout_gridlike, serial_shops,
          nicolae_shop_trees, nicolae_shop_crystal, shop, shop, basic_altar,
          serial_sigils, serial_sigils_hangedman_snap,
          serial_sigils_hangedman_quiver, serial_sigils_hangedman_snap,
          serial_sigils_hangedman_etch, serial_sigils_hangedman_snap, uniq_kirke
Elf:2:    layout_gridlike, serial_shops, shop, door_vault
Elf:3:    minmay_elf_hall_x, layout_geoelf_diagonals, hex_medium,
          hangedman_elven_ridges
Vaults:1: vaults_room_corners, ontoclasm_vaults_idyll, v_misc_27,
          vaults_mumra_chevron, ontoclasm_vaults_fault, nicolae_vaults_theta,
          dpeg_vaults_monster_box, layout_vaults_quadrants
Vaults:2: v_misc_22, hangedman_vaults_nodes, v_misc_3,
          hangedman_vaults_variations, minmay_crypt_entry_vampire_xt,
          nicolae_vaults_fighting_squares, nicolae_vaults_little_squares_6,
          v_pattern_2, layout_vaults_chaotic_city,
          portal_desolation_entry_garden, serial_shops, nicolae_shop_stone
Vaults:3: vaults_room_hallway, nicolae_vaults_circle_grid_a,
          nicolae_vaults_ninety_degrees, nicolae_vaults_windows_and_doors_thing,
          nicolae_vaults_network_square, nicolae_vaults_network_quinsquares
          [nicolae_vaults_network_quincunx_subvault,
          nicolae_vaults_network_quincunx_subvault,
          nicolae_vaults_network_quincunx_subvault,
          nicolae_vaults_network_quincunx_subvault], v_misc_3,
          vaults_room_door_hall, vaults_dpeg_ring, v_misc_8, vaults_room_pool,
          vaults_mumra_chevron_long, layout_vaults_omnibox
Vaults:4: nicolae_vaults_network_quincunx
          [nicolae_vaults_network_quincunx_subvault,
          nicolae_vaults_network_quincunx_subvault,
          nicolae_vaults_network_quincunx_subvault,
          nicolae_vaults_network_quincunx_subvault,
          nicolae_vaults_network_quincunx_subvault],
          ontoclasm_vaults_loading_screen, nicolae_vaults_network_periphery,
          nicolae_vaults_mini_display_case, vaults_dpeg_diagonal,
          nicolae_vaults_twisting_passages, hangedman_vaults_unwind,
          dpeg_vaults_monster_row, ontoclasm_vaults_pinch,
          ontoclasm_vaults_tryst, vaults_dpeg_spiral, vaults_dpeg_cross,
          nicolae_vaults_rhombus_5, vaults_room_pools, layout_vaults_maze,
          nicolae_trove_entry_crossroad, uniq_donald
Vaults:5: serial_shops, uniq_mennas
Crypt:1:  layout_rooms, grunt_crypt_arrival_guarded_gate, uniq_sojobo,
          uniq_khufu
Crypt:2:  layout_basic, basic_altar, small_chamber_with_monster
Crypt:3:  cryptofortress_bobbens
Depths:1: hangedman_cross_cluster, layout_long_grid, enter_ziggurat_c,
          serial_shops, kennysheep_mini, abyss_entry, hell_entry,
          tgw_lugonu_bribe, serial_bayou_shore_b, uniq_bai_suzhen,
          uniq_enchantress
Depths:2: kennysheep_cluttered_fort, layout_cave_pools,
          serial_sigils_hangedman_carve, hell_entry, rand_demon_pan_entry_1,
          grunt_decor_arrowhead, uniq_mara
Depths:3: grunt_bruiser_brothers, layout_basic, rand_demon_pan_entry_4,
          grunt_hell_entry_dis_old, minmay_misc_feat_x
Depths:4: minmay_the_grid_triangle_9x9_recursive_2_mashed
          [minmay_the_grid_triangle_9x9_prize_top_heavy,
          minmay_the_grid_triangle_9x9_skeleton,
          minmay_the_grid_triangle_9x9_alien,
          minmay_the_grid_triangle_9x9_windchime], layout_cave_pools,
          minmay_misc_feat_four_crosses, abyss_entry_flame_altar,
          lightli_too_deep, minmay_misc_feat_iff, minivault_22,
          hangedman_decor_diamond_cutter, serial_bayou_shore_b
Depths:5: grunt_zot_entry_funnels, layout_cave_pools,
          chequers_serial_rivers_room_b, hell_entry,
          hangedman_abyss_or_decor_stabs
Zot:1:    layout_misc_corridors, zot_minivault_8
Zot:2:    layout_basic, gammafunk_ghost_grave
Zot:3:    layout_twisted_circle, st_stairs_13
Zot:4:    cheibrodos_zot_enchanting_chambers, layout_basic, grunt_megastairs_3
Zot:5:    layout_misc_corridors, grunt_ministairs_6, st_stairs_7


Message History

a cursed +0 ring mail; a +0 dagger; a +0 hand axe
There is a stone staircase leading up here.
You climb upwards.
There is a stone staircase leading down here.
You see here a cursed -1 war axe.
There is a stone staircase leading up, spattered with blood here.
You climb upwards.
There is a stone staircase leading down here.
There is a stone staircase leading up here.
You climb upwards.
There is a stone staircase leading down, spattered with blood here.
There is a stone staircase leading up here.
You climb upwards.
There is a stone staircase leading down here.
There is a stone staircase leading up here.
You climb upwards.
There is a stone staircase leading down here.
You see here a scroll of noise.
There is a staircase leading out of the dungeon here.
You have escaped!

Notes
Turn   | Place    | Note
-------+----------+-------------------------------------------
     0 | D:1      | bmfx the Centaur Arcane Marksman began the quest for the
                  | Orb.
     0 | D:1      | Reached XP level 1. HP: 16/16 MP: 2/2
   307 | D:1      | Reached XP level 2. HP: 14/23 MP: 3/3
   944 | D:1      | Reached XP level 3. HP: 28/28 MP: 4/4
  1080 | D:1      | Reached skill level 5 in Bows
  1746 | D:2      | Reached XP level 4. HP: 35/35 MP: 5/5
  2647 | D:3      | Found a runed translucent door.
  2669 | D:3      | Noticed Flugslaktarn's ghost (weakling VSIE)
  2913 | D:3      | Found an ornate altar of the Wu Jian Council.
  3362 | D:3      | Reached XP level 5. HP: 39/40 MP: 6/6
  3961 | D:3      | Killed Flugslaktarn's ghost
  4141 | D:4      | Noticed a phantom
  4142 | D:4      | Noticed Sigmund
  4446 | D:4      | Reached XP level 6. HP: 48/48 MP: 7/7
  5660 | D:4      | Found a runed translucent door.
  5661 | D:4      | Noticed Crazy Yiuf
  5692 | D:5      | Entered Level 5 of the Dungeon
  5769 | D:5      | Found a staircase to the Ecumenical Temple.
  5778 | Temple   | Entered the Ecumenical Temple
  6023 | Temple   | Became a worshipper of Uskayaw the Reveler
  6214 | D:5      | Reached * piety under Uskayaw
  6222 | D:5      | Reached XP level 7. HP: 58/58 MP: 8/8
  6554 | D:5      | Reached ** piety under Uskayaw
  7205 | D:6      | Noticed Prince Ribbit
  7627 | D:6      | Learned a level 3 spell: Portal Projectile
  7629 | D:6      | Found a large runed translucent door.
  7630 | D:6      | Found a large runed translucent door.
  7632 | D:6      | Noticed egg's ghost (novice DsFi)
  7669 | D:6      | Noticed Blork the orc
  7682 | D:6      | Killed Blork the orc
  7682 | D:6      | Reached XP level 8. HP: 52/66 MP: 9/11
  7878 | D:6      | Noticed Grinder
  8061 | D:6      | Found an opulent altar of Gozag.
  8657 | D:7      | Reached skill level 10 in Bows
  9336 | D:7      | Reached *** piety under Uskayaw
  9340 | D:7      | Reached **** piety under Uskayaw
  9821 | D:8      | Noticed Grum
  9835 | D:8      | Found a shattered altar of Ashenzari.
  9880 | D:7      | Reached XP level 9. HP: 47/71 MP: 9/12
 10279 | D:8      | Found a transporter.
 10280 | D:8      | Noticed an efreet
 10284 | D:8      | Noticed a centaur warrior
 10291 | D:8      | Found a transporter.
 10343 | D:8      | Found a bloodstained altar of Trog.
 11157 | D:8      | Killed Grum
 11157 | D:8      | Reached skill level 5 in Fighting
 12563 | D:4      | Killed Crazy Yiuf
 12707 | D:4      | Killed Sigmund
 13161 | D:6      | Killed Prince Ribbit
 13230 | D:6      | Reached skill level 5 in Evocations
 13554 | D:6      | Got a sheer robe
 13565 | D:6      | Identified the +2 robe of Wonder {rElec rF- rC++ rCorr
                  | Slay+3} (You found it on level 6 of the Dungeon)
 13595 | D:6      | Killed Grinder
 13722 | D:9      | Found a staircase to the Orcish Mines.
 13768 | D:9      | Noticed a troll
 13812 | D:9      | Reached XP level 10. HP: 88/88 MP: 13/13
 13827 | D:9      | Reached skill level 1 in Short Blades
 14025 | D:9      | Found a sparkling altar of Nemelex Xobeh.
 14942 | D:9      | Found a snail-covered altar of Cheibriados.
 14942 | D:9      | Found a glowing golden altar of the Shining One.
 14945 | D:9      | Found an iron altar of Okawaru.
 15571 | D:9      | Reached skill level 5 in Short Blades
 15719 | D:9      | Noticed an orc sorcerer
 15802 | D:10     | Entered Level 10 of the Dungeon
 15847 | D:10     | Found a staircase to the Lair.
 15847 | D:10     | Noticed a death yak
 15920 | D:9      | Killed a death yak
 16040 | D:10     | Noticed a death yak
 16059 | D:10     | Noticed a death yak
 16122 | D:9      | Killed a death yak
 16664 | D:9      | Killed a death yak
 16664 | D:9      | Reached skill level 5 in Invocations
 16664 | D:9      | Reached XP level 11. HP: 42/94 MP: 9/14
 17442 | D:11     | Noticed a centaur warrior
 17458 | D:11     | Killed a centaur warrior
 17730 | D:11     | Noticed Snorg
 17895 | Lair:1   | Entered Level 1 of the Lair of Beasts
 17918 | Lair:1   | Found a dark tunnel.
 18208 | D:10     | Reached skill level 1 in Armour
 19925 | Lair:2   | Got a fine chain mail
 19936 | Lair:2   | Identified the cursed +0 chain mail of Asianniz {-Cast
                  | rPois rC+} (You found it on level 2 of the Lair of Beasts)
 20050 | Lair:2   | Reached ***** piety under Uskayaw
 20221 | Lair:2   | Noticed a four-headed hydra
 20229 | Lair:2   | Killed a four-headed hydra
 20229 | Lair:2   | Reached XP level 12. HP: 101/101 MP: 18/18
 20523 | Lair:3   | Reached skill level 15 in Bows
 20727 | Lair:3   | Found a staircase to the Snake Pit.
 21178 | Lair:3   | Noticed a six-headed hydra
 21184 | Lair:3   | Killed a six-headed hydra
 21305 | Lair:3   | Reached ****** piety under Uskayaw
 21370 | Lair:3   | Found a staircase to the Swamp.
 21417 | Lair:3   | Reached skill level 10 in Invocations
 21548 | Lair:3   | Noticed a six-headed hydra
 21560 | Lair:3   | Killed a six-headed hydra
 21964 | Lair:3   | Upgraded the game from 0.26-a0-180-ge96aa7da28 to
                  | 0.26-a0-190-g75a3d40d47
 21965 | Lair:4   | Found a gate leading to a gauntlet.
 22012 | Gauntlet | Entered a Gauntlet
 22012 | Gauntlet | Found a transporter.
 22072 | Gauntlet | Found a transporter.
 22075 | Gauntlet | Found a transporter.
 22076 | Gauntlet | Found a transporter.
 22085 | Gauntlet | Found a transporter.
 22087 | Gauntlet | Found a transporter.
 22088 | Gauntlet | Found a transporter.
 22097 | Gauntlet | Found a transporter.
 22100 | Gauntlet | Found a transporter.
 22101 | Gauntlet | Found a transporter.
 22109 | Gauntlet | Found a transporter.
 22112 | Gauntlet | Found a transporter.
 22113 | Gauntlet | Found a transporter.
 22117 | Gauntlet | Noticed a two-headed ogre
 22117 | Gauntlet | a wolf spider changed into a two-headed ogre
 22121 | Gauntlet | Found a transporter.
 22121 | Gauntlet | Noticed a ghost crab
 22219 | Gauntlet | Gained mutation: Scrolls take you a little longer to read.
                  | [a neqoxec]
 22235 | Gauntlet | Lost mutation: Scrolls take you a little longer to read.
                  | [potion of mutation]
 22235 | Gauntlet | Gained mutation: You are resistant to hostile enchantments.
                  | (MR+) [potion of mutation]
 22235 | Gauntlet | Gained mutation: You evolve. [potion of mutation]
 22298 | Gauntlet | Noticed a minotaur
 22398 | Lair:4   | Noticed a four-headed hydra
 22429 | Lair:4   | Killed a four-headed hydra
 22992 | Lair:4   | Reached skill level 1 in Long Blades
 22992 | Lair:4   | Reached XP level 13. HP: 107/107 MP: 22/22
 23637 | Lair:5   | Found a staircase to the Slime Pits.
 23967 | Lair:5   | Reached skill level 5 in Long Blades
 24704 | Lair:6   | Entered Level 6 of the Lair of Beasts
 25708 | D:11     | Killed Snorg
 26119 | D:12     | Noticed Fannar
 26175 | D:12     | Killed Fannar
 26338 | D:12     | Noticed Josephine
 26345 | D:12     | Killed Josephine
 26695 | D:12     | Noticed Azrael
 26833 | D:12     | Killed Azrael
 27943 | D:13     | Reached XP level 14. HP: 115/115 MP: 23/23
 28181 | D:13     | Noticed Nessos
 28189 | D:13     | Killed Nessos
 28571 | D:13     | Found Eteov's Book Shoppe.
 29994 | D:14     | Found a gate to the Vaults.
 30552 | D:15     | Entered Level 15 of the Dungeon
 30666 | D:15     | Reached skill level 10 in Fighting
 31147 | D:15     | Reached XP level 15. HP: 80/128 MP: 24/24
 32036 | D:15     | Found a staircase to the Depths.
 32966 | D:6      | Killed egg's ghost
 33703 | Orc:1    | Entered Level 1 of the Orcish Mines
 33703 | Orc:1    | Noticed Urug
 33708 | Orc:1    | Noticed Harold
 33744 | D:9      | Killed Urug
 34038 | Orc:1    | Noticed Jorgrun
 34049 | D:9      | Killed Harold
 34212 | Swamp:1  | Entered Level 1 of the Swamp
 34843 | Swamp:1  | Got a heavily runed wooden ring
 34845 | Swamp:1  | Identified the ring "Figos" {*Tele +Blink Int+4 Slay+2}
                  | (You found it on level 1 of the Swamp)
 36278 | Lair:6   | Reached skill level 5 in Armour
 36309 | Lair:6   | Noticed Rupert
 36331 | Lair:6   | Killed Rupert
 37045 | Lair:6   | Identified the Incunabulum of Aid and the Rocks
 37113 | Lair:6   | Gained mutation: Your spells are a little easier to cast,
                  | but a little less powerful. [evolution]
 37132 | Lair:6   | Reached XP level 16. HP: 139/139 MP: 25/25
 37887 | Lair:6   | Identified the Grimoire of Igneous Aid
 38158 | D:9      | Killed Jorgrun
 38430 | Orc:1    | Found Diulapn's Distillery.
 38698 | Orc:2    | Entered Level 2 of the Orcish Mines
 38853 | Orc:2    | Noticed Saint Roka
 38887 | Orc:2    | Killed Saint Roka
 39277 | Orc:1    | Noticed Erica
 39284 | Orc:1    | Killed Erica
 39429 | Orc:2    | Found a staircase to the Elven Halls.
 39564 | Orc:2    | Found a roughly hewn altar of Beogh.
 39935 | Orc:2    | Found Toseqar's Jewellery Boutique.
 39935 | Orc:2    | Found Nypemok's Antique Armour Emporium.
 39943 | Orc:2    | Found Ikaw Cow's Magic Scroll Emporium.
 39943 | Orc:2    | Found Acryun's Armour Boutique.
 39961 | Orc:2    | Bought a scroll of enchant weapon for 105 gold pieces
 39961 | Orc:2    | Bought a scroll of fog for 28 gold pieces
 39961 | Orc:2    | Bought a scroll of teleportation for 42 gold pieces
 39961 | Orc:2    | Bought a scroll of teleportation for 42 gold pieces
 39961 | Orc:2    | Bought a scroll of magic mapping for 49 gold pieces
 40501 | Swamp:2  | You fall into a shaft and drop 1 floor!
 40527 | Swamp:3  | Reached skill level 5 in Dodging
 41567 | Swamp:3  | Noticed a thorn hunter
 41575 | Swamp:3  | Killed a thorn hunter
 41650 | Swamp:3  | Noticed a thorn hunter
 41887 | Swamp:3  | Killed a thorn hunter
 42716 | Swamp:4  | Entered Level 4 of the Swamp
 42716 | Swamp:4  | Noticed a thorn hunter
 42991 | Swamp:4  | Reached XP level 17. HP: 132/146 MP: 26/26
 43566 | Swamp:4  | Gained mutation: You are partially covered in iridescent
                  | scales. (AC +2) [evolution]
 43665 | Snake:1  | Entered Level 1 of the Snake Pit
 44229 | Snake:1  | Noticed Nikola
 44237 | Snake:1  | Killed Nikola
 44549 | Snake:1  | Noticed Agnes
 44557 | Snake:1  | Killed Agnes
 45574 | Snake:2  | Found Gobai's Book Boutique.
 45590 | Snake:2  | Found Xagyly's Antique Weapon Shop.
 45638 | Snake:2  | Bought a steaming scimitar for 324 gold pieces
 45638 | Snake:2  | Identified a scroll of acquirement
 45639 | Snake:2  | Identified the +10 scimitar of Horiopuf {holy, rElec MR++
                  | Int-4 Stlth+} (You bought it in a shop on level 2 of the
                  | Snake Pit)
 45643 | Snake:2  | Got the amulet of Moral Flaws {Acrobat Str+4 Slay+2}
 45673 | Snake:2  | Found a runed translucent door.
 45673 | Snake:2  | Found a shimmering altar of Xom.
 45673 | Snake:2  | Noticed Tudokhlaotz's ghost (adept NaWz)
 46979 | Snake:3  | Got a shadowed robe
 47468 | Snake:3  | Reached XP level 18. HP: 155/156 MP: 27/27
 47921 | Snake:4  | Entered Level 4 of the Snake Pit
 48440 | Snake:4  | Found Hiaruoc's Jewellery Emporium.
 48448 | Snake:4  | Bought the ring "Tisaduwn" {rPois rN+ SInv} for 495 gold
                  | pieces
 48449 | Snake:4  | Bought an uncursed ring of protection from cold for 350
                  | gold pieces
 48561 | Snake:4  | Noticed Vashnia
 48765 | Snake:4  | Killed Vashnia
 49726 | Snake:4  | Reached skill level 15 in Fighting
 50241 | Snake:4  | Reached skill level 10 in Armour
 50549 | Snake:4  | Got a serpentine rune of Zot
 50874 | Elf:1    | Entered Level 1 of the Elven Halls
 50987 | Elf:1    | Identified the +7 war axe "Feasut" {vorpal, Str+7} (You
                  | found it on level 1 of the Elven Halls)
 51063 | Elf:1    | Found Ishebi's Magic Scroll Emporium.
 51070 | Elf:1    | Bought a scroll of blinking for 90 gold pieces
 51070 | Elf:1    | Bought a scroll of enchant weapon for 90 gold pieces
 51070 | Elf:1    | Bought a scroll of enchant weapon for 90 gold pieces
 51072 | Elf:1    | Bought a scroll of silence for 90 gold pieces
 51304 | Elf:1    | Noticed Kirke
 51321 | Elf:1    | Killed Kirke
 51345 | Elf:1    | Found an ancient bone altar of Kikubaaqudgha.
 51566 | Elf:1    | Reached XP level 19. HP: 170/170 MP: 28/28
 51580 | Elf:1    | Found Tahovvor's Jewellery Emporium.
 51614 | Elf:1    | Found Xaufu's Jewellery Shop.
 51617 | Elf:1    | Bought a +4 ring of slaying for 1014 gold pieces
 51647 | Elf:1    | Found Xacesh's General Store.
 52349 | Elf:2    | Found a huge runed gate.
 52349 | Elf:2    | Found a huge runed gate.
 52349 | Elf:2    | Found a huge runed gate.
 52350 | Elf:2    | Found a huge runed gate.
 52351 | Elf:2    | Found a huge runed gate.
 52504 | Elf:2    | Gained mutation: You are surrounded by a mild repulsion
                  | field. (EV +2) [evolution]
 52750 | Elf:2    | Found a runed translucent gate.
 52750 | Elf:2    | Found a runed translucent gate.
 52793 | Elf:2    | Got a faintly glowing scale mail
 52794 | Elf:2    | Identified the +4 scale mail of Death's Door {Str+5 Int+3}
                  | (You found it on level 2 of the Elven Halls)
 52807 | Elf:2    | Found Laixiqya's Antique Armour Shoppe.
 52983 | Elf:2    | Found a runed translucent gate.
 53016 | Elf:2    | Found a huge runed gate.
 53016 | Elf:2    | Found a huge runed gate.
 53017 | Elf:2    | Found a huge runed gate.
 53030 | Elf:2    | Found a huge runed gate.
 53030 | Elf:2    | Found a huge runed gate.
 53031 | Elf:2    | Found a huge runed gate.
 53031 | Elf:2    | Found a huge runed gate.
 53031 | Elf:2    | Found a huge runed gate.
 53032 | Elf:2    | Found a huge runed gate.
 53039 | Elf:2    | Found a huge runed gate.
 53039 | Elf:2    | Found a huge runed gate.
 53039 | Elf:2    | Found a huge runed gate.
 53039 | Elf:2    | Found a huge runed gate.
 53078 | Elf:2    | Found a huge runed gate.
 53078 | Elf:2    | Found a huge runed gate.
 53079 | Elf:2    | Found a huge runed gate.
 53809 | Elf:3    | Entered Level 3 of the Elven Halls
 54806 | Elf:3    | Identified the amulet "Lumaocaim" {Acrobat rC+ rN+ Dex+4
                  | SInv}
 55191 | Elf:3    | Identified the ring "Geysylump" {AC+4 Str+4 Dex+7 Slay+3}
 55260 | Elf:3    | Identified the cursed +0 rapier of Prudence {holy, Dex+5}
 55279 | Elf:3    | Identified the amulet "Razituas" {Faith Stlth+}
 55395 | Elf:3    | Reached XP level 20. HP: 157/187 MP: 29/29
 55594 | Elf:3    | Got a shimmering brass ring
 55595 | Elf:3    | Identified the ring of Zeozean {rPois rF+ Int-5 Stlth+}
                  | (You found it on level 3 of the Elven Halls)
 56491 | Swamp:4  | Got a steaming leather armour
 56530 | Swamp:4  | Found a runed translucent door.
 56867 | Swamp:4  | Got a decaying rune of Zot
 56999 | Swamp:4  | Noticed incide's ghost (adept GnWn)
 57015 | Swamp:4  | Killed incide's ghost
 57037 | Swamp:4  | Got a ruby-encrusted scale mail
 57038 | Swamp:4  | Identified the cursed +0 scale mail "Biasogaxt" {-Tele rN++
                  | rCorr Dex+4} (You found it on level 4 of the Swamp)
 57040 | Swamp:4  | Identified the +3 leather armour of the Old World {rElec}
                  | (You found it on level 4 of the Swamp)
 57240 | Vaults:1 | Entered Level 1 of the Vaults
 58897 | Vaults:2 | Found a ruined gateway.
 58944 | Desolati | Entered the Desolation of Salt
 59213 | Desolati | Got a smoking silver ring
 59231 | Desolati | Identified the cursed ring "Liframum" {rPois Dex-4} (You
                  | found it in the Desolation of Salt)
 59233 | Desolati | Identified the +6 plate armour of Uskayaw's Indignation
                  | {Slay+3} (You found it in the Desolation of Salt)
 59292 | Desolati | Gained mutation: You possess an exceptional clarity of
                  | mind. [evolution]
 59714 | Desolati | Identified the Reference Book on Creative Venom
 59717 | Desolati | Identified Quc Lat's Tome of Flames and Good Luck
 59923 | Desolati | Identified Sif Muna's Disquisition on Helpful Evil
 59927 | Desolati | Identified the Collected Works on Attacks
 60069 | Desolati | Reached XP level 21. HP: 201/201 MP: 31/31
 60572 | Vaults:2 | Reached skill level 15 in Invocations
 60960 | Vaults:2 | Found Astroczo's Armour Emporium.
 60963 | Vaults:2 | Bought a +2 pair of gloves of dexterity for 215 gold pieces
 62072 | Vaults:2 | Found a staircase to the Crypt.
 63490 | Vaults:3 | Reached XP level 22. HP: 209/209 MP: 35/35
 64372 | Vaults:4 | Found a portal to a secret trove of treasure.
 64563 | Vaults:4 | Noticed Donald
 64569 | Vaults:4 | Killed Donald
 65450 | Depths:1 | Entered Level 1 of the Depths
 65450 | Depths:1 | Noticed Bai Suzhen
 65469 | Depths:1 | Killed Bai Suzhen
 65469 | Depths:1 | Reached skill level 10 in Dodging
 65857 | Depths:1 | Noticed a caustic shrike
 65866 | Depths:1 | Killed a caustic shrike
 66156 | Depths:1 | Identified the +3 cloak "Tasar" {rF+ rN+} (You found it on
                  | level 1 of the Depths)
 66203 | Depths:1 | Found a gateway to Hell.
 66277 | Depths:1 | Noticed an ancient lich
 66418 | Depths:1 | Reached XP level 23. HP: 199/215 MP: 37/37
 66499 | Depths:1 | Found Lydun's Food Boutique.
 66514 | Depths:1 | Noticed the Enchantress
 66538 | Depths:1 | Found a corrupted altar of Lugonu.
 67023 | Depths:2 | Noticed Mara
 67042 | Depths:2 | Noticed bmfx's illusion
 67129 | Depths:1 | Found a one-way gate to the infinite horrors of the Abyss.
 67343 | Depths:1 | Killed the Enchantress
 67769 | Depths:2 | Killed Mara
 68141 | Depths:2 | Found a one-way gate leading to the halls of Pandemonium.
 68328 | Depths:2 | Gained mutation: Your mind is acute. (Int +2) [evolution]
 70753 | Depths:4 | Found a corrupted altar of Lugonu.
 70855 | Depths:4 | Reached XP level 24. HP: 224/224 MP: 37/37
 71386 | Depths:4 | Noticed a juggernaut
 71393 | Depths:4 | Killed a juggernaut
 71687 | Depths:5 | Entered Level 5 of the Depths
 72378 | Depths:5 | Found a gate to the Realm of Zot.
 72396 | Depths:5 | Reached skill level 15 in Armour
 72826 | Depths:5 | Lost mutation: Your spells are a little easier to cast, but
                  | a little less powerful. [evolution]
 73308 | Vaults:5 | Entered Level 5 of the Vaults
 73445 | Vaults:5 | Reached XP level 25. HP: 166/231 MP: 34/37
 73706 | Vaults:5 | Identified the +10 dagger of Moral Flaws {drain, Str+4
                  | Dex+4 SInv}
 73809 | Vaults:5 | Identified the +6 great sword of the Viper {holy, *Slow
                  | rElec Int+3 Dex+3}
 74094 | Vaults:5 | Noticed Mennas
 75127 | Vaults:5 | Killed Mennas
 75787 | Vaults:5 | Identified the cursed +2 short sword "Reuteul" {holy, Str+2
                  | SInv}
 76007 | Vaults:5 | Identified the +6 great sword "Atorun" {flame, +Inv Int+3}
 76124 | Vaults:5 | Identified the Volume of the Shifting Escort
 76127 | Vaults:5 | Got a silver rune of Zot
 76656 | Depths:4 | Lost mutation: You possess an exceptional clarity of mind.
                  | [evolution]
 76679 | Depths:4 | Noticed a juggernaut
 76686 | Depths:4 | Killed a juggernaut
 77018 | Crypt:1  | Entered Level 1 of the Crypt
 77286 | Crypt:1  | Noticed Khufu
 77542 | Crypt:1  | Killed Khufu
 77542 | Crypt:1  | Reached XP level 26. HP: 214/239 MP: 39/39
 77811 | Crypt:1  | Got a distressingly furry leather armour
 77812 | Crypt:1  | Identified the +1 leather armour "Ythiwnoof" {*Contam rPois
                  | MR+ Slay+2} (You found it on level 1 of the Crypt)
 77870 | Crypt:1  | Noticed Sojobo
 78685 | Crypt:2  | Found an ancient bone altar of Kikubaaqudgha.
 78978 | Crypt:3  | Entered Level 3 of the Crypt
 79166 | Crypt:3  | Found a staircase to the Tomb.
 79799 | Crypt:3  | Found an ancient bone altar of Kikubaaqudgha.
 79800 | Crypt:3  | Noticed an ancient lich
 79809 | Crypt:3  | Killed an ancient lich
 79853 | Crypt:3  | Identified Cigotuvi's Reference Book on Necromancy
 80754 | Zot:1    | Entered Level 1 of the Realm of Zot
 80808 | Zot:1    | Reached skill level 27 in Invocations
 81067 | Zot:1    | Reached skill level 27 in Bows
 81313 | Zot:1    | Noticed an orb of fire
 81328 | Zot:1    | Gained mutation: You are frail. (-10% HP) [an orb of fire]
 81341 | Zot:1    | Killed an orb of fire
 81491 | Zot:1    | Reached XP level 27. HP: 216/225 MP: 40/40
 82362 | Zot:2    | Found a runed translucent door.
 82362 | Zot:2    | Noticed Etzokumu's ghost (adept DDFi)
 83972 | Zot:3    | Lost mutation: You evolve. [evolution]
 85104 | Zot:4    | Reached skill level 10 in Evocations
 86391 | Zot:5    | Entered Level 5 of the Realm of Zot
 86808 | Zot:5    | Noticed an ancient lich
 86819 | Zot:5    | Killed an ancient lich
 87240 | Zot:5    | Noticed an orb of fire
 87255 | Zot:5    | Gained mutation: You are clumsy. (Dex -2) [an orb of fire]
 87259 | Zot:5    | Gained mutation: Your body sometimes deteriorates upon
                  | taking damage. [an orb of fire]
 87269 | Zot:5    | Gained mutation: Your body often deteriorates upon taking
                  | damage. [an orb of fire]
 87274 | Zot:5    | Killed an orb of fire
 87903 | Depths:5 | Lost mutation: You are frail. (-10% HP) [potion of
                  | mutation]
 87903 | Depths:5 | Lost mutation: Your mind is acute. (Int +2) [potion of
                  | mutation]
 87903 | Depths:5 | Lost mutation: Your body often deteriorates upon taking
                  | damage. [potion of mutation]
 87903 | Depths:5 | Gained mutation: You tend to lose your temper in combat.
                  | [potion of mutation]
 87903 | Depths:5 | Lost mutation: You are surrounded by a mild repulsion
                  | field. (EV +2) [potion of mutation]
 87903 | Depths:5 | Gained mutation: Your movements are slightly less
                  | encumbered by armour. (ER -2) [potion of mutation]
 87903 | Depths:5 | Gained mutation: You passively map a small area around you.
                  | [potion of mutation]
 88843 | Zot:5    | Noticed an ancient lich
 88848 | Zot:5    | Killed an ancient lich
 89110 | Zot:5    | Got the Orb of Zot
 89288 | Depths:3 | Noticed Alovvas the pandemonium lord
 89311 | Depths:3 | Noticed Jemmuerph the pandemonium lord
 89353 | Depths:1 | Noticed Ylecaneo the pandemonium lord
 89401 | D:15     | Noticed Vouheg the pandemonium lord
 89416 | D:15     | Killed Vouheg the pandemonium lord
 89449 | D:14     | Noticed Ylinata the pandemonium lord
 89672 | D:$      | Escaped with the Orb!
